 Dungeon Crawl Stone Soup version 0.17-a0-1882-g750edc8 (webtiles) character file.

65704 shakdrar the Bludgeoner (level 14, -12/130 HPs)
             Began as a Minotaur Fighter on Sept 22, 2015.
             Was the Champion of the Shining One.
             Shot with a bolt of penetration by an orc knight (13 damage)
             ... on level 4 of the Orcish Mines.
             The game lasted 01:34:46 (23673 turns).

shakdrar the Bludgeoner (Minotaur Fighter)         Turns: 23673, Time: 01:34:47

Health: -12/130    AC: 19    Str: 28    XL:     14   Next: 76%
Magic:  0/19       EV:  7    Int:  8    God:    the Shining One [******]
Gold:   1649       SH: 13    Dex:  9    Spells: 0 memorised, 13 levels left

rFire  + . .     SeeInvis .     J - +1 morningstar of Mayhem {holy, rC+ Str+4 Stlth+}
rCold  + . .     Clarity  .     U - +0 plate armour
rNeg   + + +     SustAt   +     c - +0 shield
rPois  .         Gourm    .     (helmet restricted)
rElec  .         Spirit   +     o - +0 cloak
rCorr  .         Warding  .     (no gloves)
rMut   .         Stasis   .     W - +0 pair of boots "Vegeumuj" {rF+}
MR     +....                    h - amulet of guardian spirit
Stlth  ..........               g - ring of flight
                                f - ring of sustain attributes

@: about to teleport, glowing, somewhat resistant to hostile enchantments,
extremely unstealthy
A: retaliatory headbutt, horns 2
a: Divine Shield, Cleansing Flame, Summon Divine Warrior, Brand Weapon With Holy
Wrath, Renounce Religion, Evoke Flight


You were on level 4 of the Orcish Mines.
You worshipped the Shining One.
The Shining One was exalted by your worship.
You were not hungry.

You visited 4 branches of the dungeon, and saw 24 of its levels.

You collected 1801 gold pieces.
You spent 152 gold pieces at shops.

Inventory:

Hand weapons
 a - the +3 hunting sling "Esol" {velocity, +Blink rElec MR+ Dex-5}
   (You found it on level 8 of the Lair of Beasts)

   Any stone fired from it inflicts extra damage.
   It affects your dexterity (-5).
   It insulates you from electricity.
   It affects your resistance to hostile enchantments.
   It lets you blink.
 J - the +1 morningstar of Mayhem (weapon) {holy, rC+ Str+4 Stlth+}
   (You acquired it on level 10 of the Dungeon)

   It has been blessed by the Shining One to cause great damage to the undead
   and demons.
   It affects your strength (+4).
   It protects you from cold.
   It makes you more stealthy.
 K - a +2 eveningstar of holy wrath
Missiles
 s - 167 stones (quivered)
Armour
 c - a +0 shield (worn)
 o - a +0 cloak (worn)
 U - a +0 plate armour (worn)
 W - the +0 pair of boots "Vegeumuj" (worn) {rF+}
   (You acquired it on level 7 of the Lair of Beasts)

   It protects you from fire.
Jewellery
 f - a ring of sustain attributes (left hand)
 g - a ring of flight (right hand)
 h - an amulet of guardian spirit (around neck)
 k - an uncursed amulet of stasis
 y - an uncursed ring of positive energy
 I - an uncursed amulet of resist mutation
Magical devices
 l - a wand of flame (30)
 x - a wand of cold (9)
 G - a wand of digging (8)
Scrolls
 i - a scroll of silence
 r - 6 scrolls of teleportation
 P - 3 scrolls of recharging
 V - 6 scrolls of remove curse
Potions
 b - 2 potions of flight
 d - 3 potions of might
 e - a potion of mutation
 j - 4 potions of curing
 p - 4 potions of heal wounds
 q - a potion of resistance
 D - 2 potions of berserk rage
 E - a potion of haste
Comestibles
 m - 9 royal jellies
 n - 6 fruits
 t - a bread ration
 u - a chunk of flesh
 v - 10 meat rations


   Skills:
 + Level 13.7 Fighting
 * Level 17.7 Maces & Flails
 + Level 13.4 Armour
 + Level 13.2 Shields
 + Level 8.5 Evocations


You had 13 spell levels left.
You didn't know any spells.

Dungeon Overview and Level Annotations

Branches:
Dungeon (11/15)            Temple (1/1) D:7            Lair (8/8) D:9
  Swamp (0/4) Lair:6        Snake (0/4) Lair:4        Slime (0/6) Lair:6
    Orc (4/4) D:11
    Elf: Orc:3-4

Altars:
Cheibriados
Dithmenos
Elyvilon
Fedhas
Gozag
Kikubaaqudgha
Makhleb
Okawaru
Qazlal
Sif Muna
Vehumet
Yredelemnul
Zin
The Shining One

Shops:
D:4 *   D:5 (!}   D:6 *   Orc:1 *

Annotations:
Orc:4 Saint Roka


Innate Abilities, Weirdness & Mutations

You reflexively headbutt those who attack you in melee.
You have a pair of horns on your head.


Message History

The orc knight shoots a bolt of penetration.
The bolt of penetration pierces through you!!
The bolt of penetration closely misses the orc.
You block the orc's attack. You block the orc warrior's attack.
The orc warrior hits you with a glaive!!
* * * LOW HITPOINT WARNING * * *
Read which item? (? for menu, Esc to quit)
As you read the scroll of teleportation, it crumbles to dust.
You feel strangely unstable. The warg bites you.
* * * LOW HITPOINT WARNING * * *
You block the orc warrior's attack. The orc hits you with a club.
* * * LOW HITPOINT WARNING * * *
Saint Roka says, "Down here, you're an orc or you're nobody."
The orc warrior hits you but does no damage.
The orc hits you but does no damage. The warg barely misses you.
The orc warrior hits you with a halberd!!
* * * LOW HITPOINT WARNING * * *
The orc knight shoots a bolt of penetration.
The bolt of penetration pierces through you!
You die...

o..#.#...#.....
o.......#...#..
##oo...........
#..o...........
.#..o.......o..
......o.$......
......ho.......
$.....o@o......
#....(ooo....##
##..........##
............#
..............
............#..
............# .
##....#......


You could see Saint Roka, an orc knight, a warg, 6 orc warriors and 6 orcs.

Vanquished Creatures
  Nessos (Lair:7)
  A fire dragon (Lair:8)
  An ice dragon (Lair:8)
  7 hydras
  7 death yaks
  A queen ant (Lair:8)
  A lindwurm (Lair:8)
  A swamp dragon (Lair:6)
  Pikel (D:7)
  2 hill giants
  14 elephants
  4 black mambas
  4 fire drakes
  5 torpor snails (Lair:8)
  A centaur skeleton (D:11)
  16 spiny frogs
  19 komodo dragons
  3 trolls
  18 blink frogs
  Prince Ribbit (D:7)
  A boulder beetle (Lair:7)
  2 giant leeches (Lair:8)
  4 steam dragons (Lair:8)
  46 yaks
  Grum (D:8)
  11 hippogriffs
  3 basilisks
  A hungry ghost (D:9)
  Menkaure (D:7)
  A mottled dragon (Lair:8)
  A warg (Orc:2)
  15 wolves
  3 nagas (Lair:4)
  14 water moccasins
  10 porcupines
  20 soldier ants (Lair:8)
  A swamp drake (Lair:8)
  5 wasps
  8 ice beasts
  3 phantoms
  2 black bears
  A spider (D:10)
  7 orc warriors
  19 crocodiles
  7 centaurs
  4 ogres
  A sky beast (D:6)
  3 big kobolds
  5 brain worms
  26 giant frogs
  A wyvern zombie (D:9)
  2 scorpions
  A water moccasin skeleton (D:9)
  10 wights (D:8)
  5 crimson imps
  2 giant frog zombies
  A gnoll shaman (D:6)
  14 iguanas
  A giant frog skeleton (D:8)
  17 jellies
  21 orc wizards
  14 orc priests
  7 hounds
  25 sheep
  A killer bee zombie (D:9)
  22 worker ants
  2 hound skeletons
  A worker ant zombie (D:7)
  12 adders
  17 gnolls
  2 shadow imps
  55 river rats
  An ooze (D:3)
  2 adder skeletons
  21 worms
  4 giant geckos
  82 orcs
  A ball python (D:3)
  13 bats
  5 giant cockroaches
  6 hobgoblins
  4 jackals
  14 kobolds
  2 quokkas
  A giant gecko zombie (D:5)
  7 giant newts
  7 goblins
  A quokka skeleton (D:4)
  2 quokka zombies
  8 rats
  A fungus (D:9)
  3 plants (D:9)
752 creatures vanquished.

Vanquished Creatures (others)
  40 fungi
  42 plants
82 creatures vanquished.

Grand Total: 834 creatures vanquished

Notes
Turn   | Place    | Note
--------------------------------------------------------------
     0 | D:1      | shakdrar the Minotaur Fighter began the quest for the Orb.
     0 | D:1      | Reached XP level 1. HP: 19/19 MP: 0/0
   169 | D:1      | Reached XP level 2. HP: 27/27 MP: 1/1
   669 | D:2      | Found a blossoming altar of Fedhas.
   677 | D:2      | Reached skill level 4 in Fighting
   709 | D:2      | Reached XP level 3. HP: 33/33 MP: 2/2
   902 | D:2      | Reached XP level 4. HP: 37/40 MP: 3/3
   925 | D:2      | Found a basalt altar of Yredelemnul.
  1333 | D:3      | Reached XP level 5. HP: 40/46 MP: 4/4
  1450 | D:3      | Found a faded altar to an unknown god.
  1934 | D:4      | Reached skill level 5 in Maces & Flails
  2027 | D:4      | Reached XP level 6. HP: 25/53 MP: 5/5
  2220 | D:4      | Reached skill level 5 in Shields
  2280 | D:4      | Found an iron altar of Okawaru.
  2280 | D:4      | Found a glowing golden altar of the Shining One.
  2285 | D:4      | Became a worshipper of the Shining One
  2306 | D:4      | Reached skill level 5 in Armour
  2470 | D:4      | Noticed a phantom
  2492 | D:4      | Killed a phantom
  2492 | D:4      | Reached skill level 5 in Fighting
  2492 | D:4      | Reached skill level 6 in Maces & Flails
  2572 | D:4      | Noticed an ogre
  2579 | D:4      | Killed an ogre
  2579 | D:4      | Reached XP level 7. HP: 39/61 MP: 6/6
  3204 | D:4      | Found a white marble altar of Elyvilon.
  3432 | D:4      | Found Derhu's Assorted Antiques.
  3490 | D:5      | Entered Level 5 of the Dungeon
  3494 | D:5      | Found Hyasonor's Gadget Emporium.
  3550 | D:5      | Found Zyep's Distillery.
  3563 | D:5      | Bought a potion of degeneration for 11 gold pieces
  3563 | D:5      | Bought a potion of agility for 44 gold pieces
  3563 | D:5      | Bought a potion of curing for 33 gold pieces
  3563 | D:5      | Bought 2 potions of poison for 22 gold pieces
  3573 | D:5      | Acquired the Shining One's first power
  3575 | D:5      | Reached skill level 7 in Maces & Flails
  3591 | D:5      | Found an opulent altar of Gozag.
  3639 | D:5      | Found Ysacusch's Antique Weapon Shop.
  3773 | D:5      | Found a shadowy altar of Dithmenos.
  4001 | D:6      | Reached XP level 8. HP: 53/70 MP: 7/7
  4494 | D:6      | Found a deep blue altar of Sif Muna.
  4525 | D:6      | Reached skill level 8 in Maces & Flails
  4571 | D:6      | Found Tefoqedi's General Store.
  4899 | D:7      | Noticed Pikel
  4945 | D:7      | Noticed Menkaure
  5006 | D:7      | Killed Menkaure
  5112 | D:7      | Noticed Prince Ribbit
  5137 | D:7      | Killed Prince Ribbit
  5137 | D:7      | Reached skill level 9 in Maces & Flails
  5247 | D:7      | Acquired the Shining One's second power
  5247 | D:7      | Reached XP level 9. HP: 69/79 MP: 8/8
  5900 | D:8      | Reached skill level 10 in Maces & Flails
  6532 | D:8      | Noticed Grum
  6637 | D:6      | Bought a scroll of remove curse for 42 gold pieces
  6728 | D:8      | Reached skill level 11 in Maces & Flails
  6731 | D:8      | Killed Grum
  6737 | D:8      | Reached XP level 10. HP: 58/90 MP: 9/9
  7188 | D:9      | Reached skill level 1 in Evocations
  7222 | D:9      | Found a staircase to the Lair.
  7489 | D:10     | Entered Level 10 of the Dungeon
  7499 | D:10     | Identified 3 scrolls of acquirement
  7505 | D:10     | Got a slimy morningstar
  7506 | D:10     | Identified the +1 morningstar of Mayhem {holy, rC+ Str+4 Stlth+} (You acquired it on level 10 of the Dungeon)
  8120 | D:10     | Noticed a hill giant
  8378 | Lair:1   | Entered Level 1 of the Lair of Beasts
  8378 | Lair:1   | Acquired the Shining One's third power
  8388 | Lair:1   | Found a frozen archway.
  8407 | Lair:2   | Reached skill level 12 in Maces & Flails
  9335 | Lair:2   | Reached XP level 11. HP: 80/99 MP: 12/12
  9615 | Lair:2   | Got a dazzling battleaxe
  9701 | Lair:2   | Reached skill level 10 in Armour
 10117 | Lair:1   | Reached skill level 10 in Fighting
 10129 | Lair:1   | Reached skill level 13 in Maces & Flails
 10283 | Lair:1   | Reached skill level 10 in Shields
 10995 | Lair:2   | Noticed a four-headed hydra
 11003 | Lair:2   | Killed a four-headed hydra
 11802 | D:7      | Killed Pikel
 11858 | D:7      | Found a staircase to the Ecumenical Temple.
 11968 | Temple   | Entered the Ecumenical Temple
 12190 | Lair:2   | Acquired the Shining One's fourth power
 12201 | Lair:2   | Reached XP level 12. HP: 101/108 MP: 12/14
 12263 | Lair:3   | Reached skill level 14 in Maces & Flails
 13145 | Lair:4   | Found a staircase to the Snake Pit.
 13202 | Lair:4   | Reached skill level 5 in Evocations
 14423 | Lair:5   | Reached skill level 15 in Maces & Flails
 15476 | Lair:6   | Found a staircase to the Slime Pits.
 15683 | Lair:6   | Found a staircase to the Swamp.
 15705 | Lair:6   | Reached XP level 13. HP: 63/118 MP: 16/16
 16117 | Lair:6   | Noticed a four-headed hydra
 16125 | Lair:6   | Killed a four-headed hydra
 16140 | Lair:6   | Noticed a five-headed hydra
 16149 | Lair:6   | Killed a five-headed hydra
 16340 | Lair:7   | Noticed Nessos
 16348 | Lair:7   | Killed Nessos
 16545 | Lair:7   | Got a pair of encrusted boots
 16556 | Lair:7   | Identified the +0 pair of boots "Vegeumuj" {rF+} (You acquired it on level 7 of the Lair of Beasts)
 17096 | Lair:7   | Reached skill level 16 in Maces & Flails
 17390 | Lair:8   | Entered Level 8 of the Lair of Beasts
 18244 | Lair:8   | Reached XP level 14. HP: 127/127 MP: 18/18
 18500 | Lair:2   | Noticed a six-headed hydra
 18507 | Lair:2   | Killed a six-headed hydra
 19576 | Lair:8   | Reached skill level 17 in Maces & Flails
 20046 | Lair:8   | Got a twisted hunting sling
 20047 | Lair:8   | Identified the +3 hunting sling "Esol" {velocity, +Blink rElec MR+ Dex-5} (You found it on level 8 of the Lair of Beasts)
 20058 | Lair:8   | Identified the +9 battleaxe "Newt's Undoing" {drain, rF+ Stlth+} (You found it on level 2 of the Lair of Beasts)
 20685 | Lair:8   | Found a runed door.
 21753 | D:10     | Killed a hill giant
 22116 | D:10     | Paralysed by a wasp for 2 turns
 22375 | D:11     | Found a staircase to the Orcish Mines.
 22850 | Orc:1    | Entered Level 1 of the Orcish Mines
 23293 | Orc:1    | Found Meidworr's Assorted Antiques.
 23464 | Orc:4    | Entered Level 4 of the Orcish Mines
 23669 | Orc:4    | Noticed Saint Roka
 23673 | Orc:4    | HP: 1/130 [orc warrior/halberd[an orc knight] (21)]
 23673 | Orc:4    | Shot with a bolt of penetration by an orc knight

Vault maps used:
D:1:      roderic_crop_circles_arrival_small
D:2:      fedhas_altar_2, lemuel_round_altar
D:3:      ecumenical_altar_2
D:4:      kennysheep_mini, gammafunk_temple_overflow_statue, first_bread,
          serial_shops, kennysheep_little_box
D:5:      nicolae_gozag_seed_capital, serial_shops, shop, nicolae_shop_crystal,
          nicolae_shop_behind_doors, nicolae_dithmenos_through_a_glass_darkly
D:6:      lemuel_coloured_pillars_altar, serial_shops, shop
D:7:      minmay_temple_entry_from_below_a, uniq_menkaure, uniq_pikel,
          uniq_prince_ribbit1
D:8:      uniq_grum
D:9:      due_lair_maze_entry_diamond
D:10:     hangedman_pestilent_swarm
D:11:     orc_0_dummy
Temple:   circular_temple_12
Lair:1:   wad_woods_minihive, portal_ice_cave_entry_ice_beasts,
          lab_entry_generic, beast_lair_carwin_1
Lair:2:   infiniplex_staircase_pool, grunt_megastairs_2
Lair:3:   minmay_stone_trees_medium
Lair:4:   minmay_snake_entry_guardpost_small, serial_bayou_shore_b
Lair:5:   lemuel_fruit_tree
Lair:6:   minmay_swamp_entry_reptiles, minmay_slime_entry_jelly_boxes
Lair:7:   st_stairs_12, uniq_nessos
Lair:8:   guppyfry_lair_end_dragon, wormcave, minivault_29
Orc:1:    serial_shops, shop
Orc:2:    serial_shops, nicolae_shop_waterfront, nicolae_orc_rockfall
Orc:3:    nicolae_orc_pool_cavern
Orc:4:    st_orc_rangers, basic_altar, serial_shops, shop, uniq_saint_roka,
          uniq_maurice

Action                   |  1- 3 |  4- 6 |  7- 9 | 10-12 | 13-15 || total
-------------------------+-------+-------+-------+-------+-------++-------
Melee: Flail             |    64 |   115 |   200 |    84 |       ||   463
       Whip              |       |       |   344 |       |       ||   344
       Eveningstar       |       |       |       |   714 |   597 ||  1311
       Morningstar       |       |       |       |     9 |   324 ||   333
Evoke: Wand              |       |       |       |       |     2 ||     2
  Use: Scroll            |     5 |     2 |    13 |    19 |    11 ||    50
       Potion            |       |       |     1 |     2 |     2 ||     5
  Eat: Chunk             |       |     4 |     7 |    27 |    21 ||    59
       Meat ration       |       |     1 |       |       |     1 ||     2
       Pizza             |       |       |     2 |       |     1 ||     3
       Beef jerky        |       |       |       |     1 |       ||     1
